 Dungeon Crawl Stone Soup version 0.29.1-4-g47bece8355 (webtiles) character file.

Game seed: 4591056270928299750

30 GorkyZ the Trooper (level 3, -4/23 HPs)
             Began as a Gargoyle Fighter on Dec 4, 2022.
             Slain by a gnoll
             ... wielding a +0 spear
              (8 damage)
             ... on level 2 of the Dungeon.
             The game lasted 00:02:05 (1089 turns).

GorkyZ the Trooper (Gargoyle Fighter)               Turns: 1089, Time: 00:02:05

Health: -4/23      AC: 11    Str: 21    XL:     3   Next: 20%
Magic:  3/3        EV:  9    Int:  8    God:
Gold:   102        SH:  4    Dex:  9    Spells: 2/2 levels left

rFire   . . .      SeeInvis .   a - +0 war axe
rCold   . . .      Faith    .   c - +0 buckler
rNeg    + . .      Spirit   .   b - +0 scale mail
rPois   ∞          Reflect  .   (no helmet)
rElec   +          Harm     .   (no cloak)
rCorr   .          Rampage  .   (no gloves)
Will    .....                   m - +0 pair of boots
Stlth   ..........              (no amulet)
HPRegen 0.07/turn               (no ring)
MPRegen 0.08/turn               (no ring)

@: no status effects
A: sickness immunity, AC +3, negative energy resistance 1, electricity
resistance, torment resistance 1, petrification resistance
a: no special abilities


You were on level 2 of the Dungeon.
You visited 1 branch of the dungeon, and saw 2 of its levels.

You collected 102 gold pieces.

Inventory:

Hand Weapons
 a - a +0 war axe (weapon)
Missiles
 h - 3 poisoned darts (quivered)
Armour
 b - a +0 scale mail (worn)
 c - a +0 buckler (worn)
 m - a +0 pair of boots (worn)
Jewellery
 i - a ring of magical power
 p - an amulet of magic regeneration
Scrolls
 g - a scroll of blinking {unknown}
 j - 2 scrolls of enchant armour {unknown}
 l - a scroll of noise {unknown}
 n - a scroll of teleportation {unknown}
 o - a scroll of enchant weapon {unknown}
Potions
 d - a potion of might
 e - a potion of mutation {unknown}
 f - a potion of cancellation {unknown}
 k - a potion of resistance {unknown}


   Skills:
 + Level 3.5 Fighting
 + Level 1.9 Axes
 + Level 0.6 Throwing
 + Level 3.4 Armour
 + Level 0.6 Dodging
 + Level 3.5 Shields
 + Level 0.6 Evocations


You had 2 spell levels left.
You didn't know any spells.
Your spell library contained the following spells:

 Spells                   Type           Power      Damage    Failure   Level
 Airstrike                Air            0%         2d(0-16)  100%        4
 Summon Lightning Spire   Summ/Air       0%         N/A       100%        4
 Lightning Bolt           Conj/Air       0%         1d11      100%        5
 Malign Gateway           Summ/Tloc      0%         N/A       100%        7
 Summon Horrible Things   Summ           0%         N/A       100%        8


Dungeon Overview and Level Annotations

Branches:
Dungeon (2/15)

Altars:


Innate Abilities, Weirdness & Mutations

You are immune to sickness and miasma.
Your stone body is resilient. (AC +3)
You are immune to poison.
You resist negative energy. (rN+)
You are resistant to electric shocks. (rElec)
You are resistant to unholy torment.
You are immune to petrification.


Message History

There is a stone staircase leading up here.
A hobgoblin comes into view.
Found a small amethyst amulet.
The hobgoblin hits you but does no damage.
You closely miss the hobgoblin. The hobgoblin hits you.
You slash the hobgoblin!
You kill the hobgoblin!
No target in view!
No target in view!
No target in view!
No target in view!
No target in view!
No target in view!
No target in view!
No target in view!
No target in view!
p - an amulet of magic regeneration A gnoll comes into view.
It is wielding a +0 spear. 2 gnolls come into view.
Found a scroll labelled POCRAY ORPHE.
The gnoll shouts! x2
A worm comes into view.
You barely miss the gnoll. The gnoll hits you but does no damage.
The gnoll barely misses you.
You closely miss the gnoll. The gnoll hits you with a +0 spear.
The gnoll barely misses you. The gnoll closely misses you.
You closely miss the gnoll. The gnoll barely misses you.
The gnoll hits you but does no damage. x3
The gnoll hits you from afar with a +0 spear.
The gnoll barely misses you.
You slash the gnoll!
The gnoll is almost dead.
The gnoll hits you with a +0 spear. You block the gnoll's attack.
The gnoll barely misses you.
You closely miss the gnoll.
The gnoll is almost dead.
The gnoll hits you from afar with a +0 halberd!
* * * LOW HITPOINT WARNING * * *
The gnoll hits you with a +0 spear!
You die...

# ### .......
).## .......
#..## .......
##..#########
##.......
............#
#...w....
##......###.#
#..g.....
........# #.#
#g.......
.########
#.####@.g.?...
.#
#.....(.....?.
<##
#####?........
..##
##.......#
#..# ##.######
##.### .#
.....# .#
.....# ..
..)..##### .


You could see a worm and 3 gnolls.

Vanquished Creatures
  An adder (D:2)
  A dart slug (D:2)
  3 endoplasms
  4 giant cockroaches
  A goblin (D:2)
  A hobgoblin (D:2)
  A bat (D:2)
  2 frilled lizards (D:2)
  2 kobolds
  4 rats
20 creatures vanquished.

Notes
Turn   | Place    | Note
-------+----------+-------------------------------------------
     0 | D:1      | GorkyZ the Gargoyle Fighter began the quest for the Orb.
     0 | D:1      | Reached XP level 1. HP: 14/14 MP: 1/1
   160 | D:1      | Found a faded altar of an unknown god.
   394 | D:1      | Reached XP level 2. HP: 19/19 MP: 2/2
   924 | D:2      | Reached XP level 3. HP: 20/23 MP: 3/3
  1089 | D:2      | Slain by a gnoll

Illustrated notes

Levels and vault maps discovered:
D:1:      dpeg_arrival_round_b, layout_basic, hellmonk_ecumenical_altar_zigzags
D:2:      layout_rooms, minmay_small_reverse_x

Action                   || total
-------------------------++-------
Melee: War axe           ||    71
Armor: Scale mail        ||    37
Dodge: Dodged            ||    44
Block: Buckler           ||     9
